 Dungeon Crawl Stone Soup version 0.21-a0-621-gc60411f (webtiles) character file.

354 Amnesiac the Changer (level 6, 0/42 HPs)
             Began as an Octopode Transmuter on Dec 23, 2017.
             Slain by Robin
             ... wielding a +0 spear
              (4 damage)
             ... on level 3 of the Dungeon.
             The game lasted 00:03:46 (2721 turns).

Amnesiac the Changer (Octopode Transmuter)          Turns: 2721, Time: 00:03:47

Health: 0/42       AC:  1    Str:  7 (10) XL:     6   Next: 62%
Magic:  19/19      EV: 14    Int: 13 (15) God:
Gold:   115        SH:  0    Dex: 11 (14) Spells: 4/10 levels left

rFire    . . .     SeeInvis .     - Unarmed
rCold    . . .     Gourm    .   (no shield)
rNeg     . . .     Faith    .   (helmet restricted)
rPois    .         Spirit   .   (no amulet)
rElec    .         Reflect  .   j - ring of magical power
rCorr    .         Harm     .   (no ring)
MR       .....                  (no ring)
Stlth    ++........             (no ring)
HPRegen  0.14/turn              (no ring)
MPRegen  0.16/turn              (no ring)
                                (no ring)
                                (no ring)

@: no status effects
A: almost no armour, stealthy swim, amphibious, 8 rings, constrict 8, camouflage
1, gelatinous body 1
a: no special abilities


You were on level 3 of the Dungeon.
You were not hungry.

You visited 1 branch of the dungeon, and saw 3 of its levels.

You collected 115 gold pieces.

Inventory:

Missiles
 a - 11 arrows
 d - 129 stones (quivered)
 o - 6 poisoned needles
Armour
 l - a +0 hat
Jewellery
 j - a ring of magical power (left tentacle)
 s - a +1 ring of protection {unknown}
Scrolls
 e - a scroll of identify {!r}
 f - a scroll of magic mapping {!r, unknown}
 g - a scroll of random uselessness {!r, unknown}
 h - 2 scrolls of remove curse {!r}
 m - a scroll of teleportation {!r, unknown}
 n - 3 scrolls of immolation {!r, unknown}
 q - a scroll of amnesia {!r, unknown}
 r - a scroll of enchant armour {!r, unknown}
Potions
 i - 3 potions of degeneration {!q}
 k - a potion of curing {!q}
Books
 b - a book of Changes

   Spells                             Type                      Level
   a - Beastly Appendage              Transmutation                1
   b - Sticks to Snakes               Transmutation                2
   c - Spider Form                    Transmutation/Poison         3
   d - Ice Form                       Ice/Transmutation            4
   e - Blade Hands                    Transmutation                5
Comestibles
 c - 7 rations
 p - 6 chunks of flesh


   Skills:
 + Level 3.0 Fighting
 + Level 2.8 Dodging
 * Level 4.2 Unarmed Combat
 + Level 2.8 Spellcasting
 * Level 4.3 Transmutations


You had 4 spell levels left.
You knew the following spells:

 Your Spells              Type           Power        Failure   Level  Hunger
a - Beastly Appendage     Tmut           ##....       4%          1    #......
b - Sticks to Snakes      Tmut           ##......     6%          2    ###....
e - Spider Form           Tmut/Pois      #.........   28%         3    ###....


Dungeon Overview and Level Annotations

Branches:
Dungeon (3/15)

Altars:
Elyvilon
Nemelex Xobeh

Annotations:
D:3 Robin


Innate Abilities, Weirdness & Mutations

You cannot wear most types of armour.
You are very stealthy in the water. (Stealth+)
You are amphibious.
You can wear up to eight rings at the same time.
You can use your tentacles to constrict eight enemies at once.
Your skin changes colour to match your surroundings (Stealth+).
Your rubbery body absorbs attacks. (AC +1, EV +1)


Message History

You tentacle-slap the goblin.
The goblin is severely wounded.
The goblin moves out of view.
Robin roars a battlecry!
The goblin hits you but does no damage.
You hear a shout! 2 goblins come into view.
You closely miss the goblin.
The goblin is severely wounded.
Robin hits you from afar with a spear.
The goblin moves out of view.
You tentacle-slap the goblin.
You kill the goblin!
Robin throws the goblin at you! The goblin misses you.
A goblin comes into view. It is wielding a club.
Robin throws the goblin at you! The goblin hits you with a dagger.
The goblin barely misses you.
Things that are here:
a stone; an uncursed hunting sling You closely miss the goblin.
You grab the goblin. You constrict the goblin.
The hobgoblin completely misses you. The goblin completely misses you.
The goblin hits you with a dagger!
* * * LOW HITPOINT WARNING * * *
You release your grip on the goblin.
You closely miss the goblin. The hobgoblin closely misses you.
The goblin closely misses you. x2; The goblin hits you but does no damage.
You tentacle-slap the goblin. You squeeze the goblin.
You kill the goblin!
The hobgoblin closely misses you. The goblin closely misses you.
Robin throws the goblin at you!
* * * LOW HITPOINT WARNING * * *
The goblin closely misses you.
Unknown command.
You closely miss the goblin. You grab the goblin. You constrict the goblin.
The goblin barely misses you. The hobgoblin misses you.
The goblin hits you with a dagger.
* * * LOW HITPOINT WARNING * * *
The goblin hits you but does no damage.
Unknown command.
You bludgeon the goblin!
You kill the goblin!
Your Fighting skill increases to level 3!
The goblin no longer looks unusually strong.
The goblin hits you with a dagger.
* * * LOW HITPOINT WARNING * * *
The hobgoblin closely misses you. Robin throws the goblin at you!
* * * LOW HITPOINT WARNING * * *
The goblin hits you with a dagger.
* * * LOW HITPOINT WARNING * * *
Some of the chunks of flesh in your inventory have rotted away.
Unknown command.
You tentacle-slap the goblin.
The goblin is moderately wounded.
The hobgoblin no longer looks unusually strong.
The goblin misses you. The hobgoblin misses you. The goblin misses you.
The goblin closely misses you.
Okay, then.
Really quaff
i - 4 fuming pink potions {!q}?
It was a potion of degeneration {!q}.
There was something very wrong with that liquid.
You feel weakened.
You feel dopey.
You feel clumsy. The goblin closely misses you. The goblin hits you.
* * * LOW HITPOINT WARNING * * *
Robin hits you from afar with a spear.
You die...

.'...# #...#
#########.).#
......g....(#
...........(#
#.....##)##
#.....#.gg#
#....[#ggg#
#.....#gg@# ..##'
#....)##g## .....
#.....#...#
≈.....#.....#...#
≈≈≈≈≈≈#.....#≈≈≈#
≈≈≈≈≈##'''##≈≈≈#
#≈≈≈≈...≈≈≈≈##
###≈≈...≈≈###
########....###


You could see Robin, 2 hobgoblins and 5 goblins.

Vanquished Creatures
  Sigmund (D:3)
  The ghost of Ketzopolo the Sneak, an amateur SpEn (D:3)
  3 gnolls
  An adder (D:2)
  An ooze (D:3)
  3 worms (D:2)
  4 dart slugs
  An orc (D:3)
  9 bats
  4 giant cockroaches
  19 goblins
  6 hobgoblins (D:1)
  7 jackals (D:3)
  A ball python (D:1)
  4 frilled lizards
  5 kobolds
  8 rats
78 creatures vanquished.

Notes
Turn   | Place    | Note
-------+----------+-------------------------------------------
     0 | D:1      | Amnesiac the Octopode Transmuter began the quest for the Orb.
     0 | D:1      | Reached XP level 1. HP: 13/13 MP: 3/3
    98 | D:1      | Reached XP level 2. HP: 5/18 MP: 5/5
   262 | D:1      | Learned a level 2 spell: Sticks to Snakes
   652 | D:1      | Reached XP level 3. HP: 20/24 MP: 6/6
   657 | D:1      | Learned a level 3 spell: Spider Form
  1190 | D:2      | Reached XP level 4. HP: 22/29 MP: 3/7
  2155 | D:2      | Found a white marble altar of Elyvilon.
  2156 | D:2      | Found a sparkling altar of Nemelex Xobeh.
  2344 | D:3      | Noticed Sigmund
  2361 | D:3      | Killed Sigmund
  2361 | D:3      | Reached XP level 5. HP: 26/35 MP: 0/8
  2361 | D:3      | Reached XP level 6. HP: 31/41 MP: 0/9
  2497 | D:3      | Noticed Ketzopolo's ghost (amateur SpEn)
  2517 | D:3      | Killed Ketzopolo's ghost
  2702 | D:3      | Noticed Robin
  2721 | D:3      | Slain by Robin

Vault maps used:
D:1:      zelgadis_glass_arrival_small
D:2:      gammafunk_temple_overflow_pools, first_ration
D:3:      kennysheep_goblin_castle, uniq_sigmund

Skill      XL: |  1  2  3  4  5  6 |
---------------+-------------------+-----
Fighting       | 2 3 |  3.0
Transmutations | 3 4 |  4.3
Unarmed Combat | 4 |  4.2
Dodging        | |  2.8
Spellcasting   | |  2.8

Action                   |  1- 3 |  4- 6 || total
-------------------------+-------+-------++-------
Melee: Unarmed           |    83 |   122 ||   205
       Constrict         |    21 |    22 ||    43
       Tentacles         |     9 |    12 ||    21
       Punch             |       |     5 ||     5
Throw: Stone             |    38 |    59 ||    97
 Cast: Spider Form       |     1 |     7 ||     8
       Sticks to Snakes  |       |     1 ||     1
  Use: Potion            |     1 |     1 ||     2
       Scroll            |       |     2 ||     2
 Stab: Sleeping          |     1 |     1 ||     2
       Distracted        |       |     1 ||     1
  Eat: Chunk             |     1 |     6 ||     7
Armor: Skin              |     5 |    12 ||    17
Dodge: Dodged            |    59 |   103 ||   162

Table legend:
 A = Spawn XP
 B = Non-spawn XP
 C = Spawn XP percentage of total XP
 D = Spawn monster count
 E = Non-spawn monster count
 F = Spawn count percentage of total count
 G = Total turns spent on level
                    A         B        C        D         E        F      G
               +---------+---------+-------+---------+---------+-------+---------
         Total |       0 |     506 |   0.0 |       0 |      78 |   0.0 |  2721
               +---------+---------+-------+---------+---------+-------+---------
           D:1 |       0 |      69 |   0.0 |       0 |      29 |   0.0 |  1173
           D:2 |       0 |      85 |   0.0 |       0 |      24 |   0.0 |  1050
           D:3 |       0 |     352 |   0.0 |       0 |      25 |   0.0 |   498
               +---------+---------+-------+---------+---------+-------+---------
